 Dungeon Crawl Stone Soup version 0.27-a0-46-g34d46f0a3f (webtiles) character file.

Game seed: 6036330263825967052

1089 Borgoz the Slasher (level 8, -4/68 HPs)
             Began as a Yellow Draconian Gladiator on Jan 7, 2021.
             Was a Follower of Dithmenos.
             Killed from afar by an orc wizard (6 damage)
             ... with a puff of flame
             ... on level 5 of the Dungeon.
             The game lasted 00:04:24 (5401 turns).

Borgoz the Slasher (Yellow Draconian Gladiator)     Turns: 5401, Time: 00:04:25

Health: -4/68      AC:  8    Str: 24    XL:     8   Next: 9%
Magic:  8/8        EV: 15    Int:  9    God:    Dithmenos [*.....]
Gold:   251        SH:  0    Dex: 13    Spells: 7/7 levels left

rFire    . . .     SeeInvis .   a - +0 long sword
rCold    . . .     Faith    .   (no shield)
rNeg     . . .     Spirit   .   (armour unavailable)
rPois    .         Reflect  .   b - +0 hat
rElec    .         Harm     .   (no cloak)
rCorr    +         Rampage  .   (no gloves)
Will     .....                  s - +1 pair of boots
Stlth    ++........             (no amulet)
HPRegen  0.21/turn              d - +6 ring of strength
MPRegen  0.11/turn              (no ring)

@: wreathed by umbra
A: spit acid, unfitting armour, cold-blooded, acid resistance, AC +6
a: Breathe Acid, Renounce Religion


You were on level 5 of the Dungeon.
You worshipped Dithmenos.
Dithmenos was aware of your devotion.
You visited 1 branch of the dungeon, and saw 5 of its levels.

You collected 251 gold pieces.

Inventory:

Hand Weapons
 a - a +0 long sword (weapon)
Missiles
 c - 2 throwing nets (quivered)
Armour
 b - a +0 hat (worn)
 s - a +1 pair of boots (worn)
Jewellery
 d - a +6 ring of strength (left hand)
Scrolls
 e - 2 scrolls of immolation {unknown}
 f - 2 scrolls of amnesia
 g - a scroll of noise {unknown}
 j - 2 scrolls of identify {unknown}
 m - 3 scrolls of magic mapping {unknown}
 p - a scroll of teleportation {unknown}
 r - a scroll of remove curse
Potions
 h - a potion of resistance {unknown}
 i - a potion of heal wounds
 k - a potion of lignification {unknown}
 l - a potion of berserk rage
 n - a potion of attraction {unknown}
 o - a potion of flight {unknown}
 q - a potion of curing {unknown}


   Skills:
 + Level 5.0 Fighting
 * Level 6.7 Long Blades
 - Level 1.7 Throwing
 * Level 6.0 Dodging
 + Level 0.3 Stealth
 + Level 0.5 Invocations


You had 7 spell levels left.
You didn't know any spells.
Your spell library was empty.

Dungeon Overview and Level Annotations

Branches:
Dungeon (5/15)
 Temple: D:4-7

Altars:
Dithmenos
Kikubaaqudgha
Ru
Uskayaw
The Shining One

Shops:
D:5 *[


Innate Abilities, Weirdness & Mutations

You can spit globs of acid.
Your golden yellow scales are hard. (AC +6)
You cannot fit into any form of body armour.
You are cold-blooded and may be slowed by cold attacks.
You are resistant to acid. (rCorr)


Message History

You are too injured to fight recklessly!
You are too injured to fight recklessly!
You are too injured to fight recklessly!
You open the door.
The orc wizard looks satisfied for a moment.
The orc closely misses you.
The orc wizard hits you but does no damage.
The ogre hits you with a +0 giant club!!
* * * LOW HITPOINT WARNING * * *
The orc wizard casts a spell at you. The puff of flame hits you.
* * * LOW HITPOINT WARNING * * *
The orc barely misses you. The orc wizard misses you.
You riposte.
You hit the orc wizard.
Your tail-slap misses the orc wizard.
The orc wizard is moderately wounded.
Found Zin's Purification Station.
There is an open door here.
The orc wizard points at you and mumbles some strange words.
The puff of flame hits you.
You die...

#.##.. #.#.. . #.#.# ..
#...# .∩. #...## ....
#..Oo#..... # #.oooo.....
. #.#'###.... # #.#@# .
#.#.# ######'#.#
#........# .
#........###.... ###
#............... )..
#.......#################
######............)......
####################


You could see an ogre, 2 orc wizards and 2 orcs.

Vanquished Creatures
  Sigmund (D:3)
  An ogre (D:5)
  A centaur (D:5)
  3 scorpions (D:4)
  A bullfrog skeleton (D:5)
  A hound (D:5)
  3 orc wizards
  A centaur skeleton (D:4)
  Natasha (thrice) (D:3)
  An iguana (D:4)
  6 worker ants
  A hound zombie (D:5)
  A hound skeleton (D:4)
  7 adders
  An ufetubus (D:5)
  An ooze (D:5)
  4 worms
  2 dart slugs (D:3)
  3 leopard geckos
  12 orcs
  3 giant cockroaches
  10 goblins
  10 hobgoblins
  2 quokkas
  A ball python (D:2)
  7 bats
  4 frilled lizards
  7 kobolds
  A leopard gecko skeleton (D:4)
  5 rats
104 creatures vanquished.

Vanquished Creatures (others)
  A human (D:3)
1 creature vanquished.

Grand Total: 105 creatures vanquished

Notes
Turn   | Place    | Note
-------+----------+-------------------------------------------
     0 | D:1      | Borgoz the Draconian Gladiator began the quest for the Orb.
     0 | D:1      | Reached XP level 1. HP: 17/17 MP: 1/1
   257 | D:1      | Reached XP level 2. HP: 24/25 MP: 2/2
  1095 | D:2      | Found a glowing golden altar of the Shining One.
  1193 | D:2      | Reached XP level 3. HP: 24/30 MP: 3/3
  1555 | D:2      | Found a hide-covered altar of Uskayaw.
  2027 | D:3      | Found a shadowy altar of Dithmenos.
  2035 | D:3      | Noticed Natasha
  2043 | D:3      | Became a worshipper of Dithmenos the Shadowed
  2051 | D:3      | Killed Natasha
  2052 | D:3      | Reached XP level 4. HP: 14/37 MP: 4/4
  2271 | D:3      | Found a faded altar of an unknown god.
  2784 | D:3      | Noticed Natasha
  2796 | D:3      | Killed Natasha
  2847 | D:3      | Noticed Natasha
  2852 | D:3      | Killed Natasha
  2853 | D:3      | Reached XP level 5. HP: 24/45 MP: 5/5
  3182 | D:3      | Found an ancient bone altar of Kikubaaqudgha.
  3185 | D:3      | Noticed a human
  3186 | D:3      | Killed a human
  3384 | D:3      | Noticed Sigmund
  3398 | D:3      | Killed Sigmund
  3399 | D:3      | Reached skill level 5 in Long Blades
  3399 | D:3      | Reached XP level 6. HP: 52/52 MP: 6/6
  4017 | D:4      | Reached * piety under Dithmenos
  4018 | D:4      | Reached skill level 5 in Dodging
  4212 | D:4      | Your scales start taking on a golden yellow colour.
  4212 | D:4      | Reached XP level 7. HP: 40/59 MP: 7/7
  4212 | D:4      | Gained mutation: You are resistant to acid. (rCorr) [Yellow
                  | Draconian growth]
  4879 | D:4      | Found a sacrificial altar of Ru.
  4916 | D:5      | Entered Level 5 of the Dungeon
  4930 | D:5      | Found Kaegewko's Armour Emporium.
  4982 | D:5      | Reached XP level 8. HP: 34/67 MP: 8/8
  5368 | D:5      | Reached skill level 5 in Fighting
  5399 | D:5      | HP: 1/68 [orc wizard/puff of flame (6)]
  5400 | D:5      | Found Zin's Purification Station.
  5401 | D:5      | Killed from afar by an orc wizard

Illustrated notes

Levels and vault maps discovered:
D:1:      shiori_arrival_oz, layout_loops_ring
D:2:      layout_basic, lemuel_doored_altar, eat_drink_and_be_merry_uskayaw,
          minmay_cut_off
D:3:      layout_basic, nicolae_dithmenos_through_a_glass_darkly,
          chequers_ecumenical_altar_simple_redux, minivault_26,
          chequers_serial_rivers_micro_c, tgw_kikubaaqudgha, uniq_sigmund,
          uniq_natasha
D:4:      layout_loops_cross, nicolae_ru_path_of_blood
D:5:      layout_basic, zin_purify, serial_shops, kennysheep_little_box, shop,
          nicolae_shop_statue_plus, gammafunk_ghost_smash, uniq_duvessa

Skill      XL: |  1  2  3  4  5  6  7  8 |
---------------+-------------------------+-----
Dodging        | 3 4 5 6 |  6.0
Long Blades    | 4 5 6 |  6.7
Fighting       | 3 4 5 |  5.0
Throwing       | |  1.7
Stealth        | |  0.3
Invocations    | |  0.5

Action                   |  1- 3 |  4- 6 |  7- 9 || total
-------------------------+-------+-------+-------++-------
Melee: Long sword        |   107 |   133 |   123 ||   363
       Tailslap          |    13 |    24 |    29 ||    66
Throw: Throwing net      |       |     1 |       ||     1
  Use: Scroll            |       |     3 |       ||     3
 Stab: Sleeping          |     2 |       |     1 ||     3
Armor: Skin              |    31 |    36 |    27 ||    94
Dodge: Dodged            |    95 |    91 |   138 ||   324
       Rpst.: Long sword |    21 |    25 |    40 ||    86

Table legend: (Time is in decaauts)
 A = Elapsed time spent in this place.
 B = Non-inter-level travel time spent in this place.
 C = Inter-level travel time spent in this place.
 D = Time resting spent in this place.
 E = Time spent auto-exploring this place.
 F = Levels seen in this place.
 G = Mean time per level.
                   A        B        C        D        E       F      G
               +--------+--------+--------+--------+--------+-----+--------+
         Total |   5471 |   5349 |    122 |    803 |   3722 |   5 | 1094.2 |
       Dungeon |   5471 |   5349 |    122 |    803 |   3722 |   5 | 1094.2 |
               +--------+--------+--------+--------+--------+-----+--------+

Top non-repeatable levels by time:
     D:3: 1666 daAuts
     D:4: 1455 daAuts
     D:2: 1260 daAuts
     D:1: 600 daAuts
     D:5: 488 daAuts
